 Dungeon Crawl Stone Soup version 0.27-a0-385-g3208abaabc (webtiles) character file.

Game seed: 17992319013514044211

1914 Morbidden the Conjurer (level 8, -5/63 HPs)
             Began as a Demigod Conjurer on Feb 18, 2021.
             Slain by an ice beast (11 damage)
             ... on level 7 of the Dungeon.
             The game lasted 00:10:22 (7149 turns).

Morbidden the Conjurer (Demigod Conjurer)           Turns: 7149, Time: 00:10:23

Health: -5/63      AC:  2    Str:  8    XL:     8   Next: 63%
Magic:  18/29      EV: 21    Int: 28    God:
Gold:   153        SH:  0    Dex: 23    Spells: 13/19 levels left

rFire    . . .     SeeInvis .   (weapon currently unavailable)
rCold    . . .     Faith    .   (shield currently unavailable)
rNeg     . . .     Spirit   .   (armour currently unavailable)
rPois    x         Reflect  .   (helmet currently unavailable)
rElec    .         Harm     .   (cloak currently unavailable)
rCorr    .         Rampage  .   (gloves currently unavailable)
Will     .....                  (boots currently unavailable)
Stlth    +++.......             y - amulet of regeneration
HPRegen  1.20/turn              l - ring of magical power
MPRegen  0.21/turn              p - +6 ring of dexterity

@: spider-form (expiring)
A: tiny, high mp 1
a: End Transformation


You were on level 7 of the Dungeon.
You were a venomous arachnid creature.
You visited 1 branch of the dungeon, and saw 7 of its levels.

You collected 237 gold pieces.
You spent 84 gold pieces at shops.

Inventory:

Hand Weapons
 d - a +1 dagger of freezing (melded)
Armour
 f - a +0 pair of boots (melded)
 j - a +0 helmet (melded)
 k - a +0 robe of fire resistance (melded)
 B - a +0 pair of gloves of stealth (melded)
Jewellery
 a - a ring of ice
 l - a ring of magical power (left front leg)
 p - a +6 ring of dexterity (right front leg)
 y - an amulet of regeneration (around neck)
Wands
 o - a wand of acid (2)
Scrolls
 e - 10 scrolls of identify
 h - a scroll of enchant armour {unknown}
 i - a scroll of immolation {unknown}
 r - 3 scrolls of magic mapping
 s - a scroll of teleportation
 t - 3 scrolls of blinking
 x - a scroll of brand weapon {unknown}
Potions
 b - 2 potions of degeneration {unknown}
 c - a potion of ambrosia {unknown}
 g - a potion of cancellation {unknown}
 m - a potion of magic {unknown}
 n - 3 potions of invisibility {unknown}
 q - a potion of heal wounds {unknown}
 u - a potion of brilliance {unknown}
 v - 3 potions of curing {unknown}
 w - a potion of might {unknown}
 z - 2 potions of lignification {unknown}
 A - a potion of resistance {unknown}


   Skills:
 * Level 3.2 Fighting
 + Level 0.5 Short Blades
 + Level 2.7 Dodging
 + Level 2.8 Stealth
 + Level 0.1 Unarmed Combat
 * Level 6.1 Spellcasting
 * Level 7.5 Conjurations
 * Level 1.4 Transmutations
 * Level 1.3 Poison Magic


You had 13 spell levels left.
You knew the following spells:

 Your Spells              Type           Power        Failure   Level
a - Magic Dart            Conj           100%         2%          1
b - Searing Ray           Conj           100%         3%          2
c - Spider Form           Tmut/Pois      8%           24%         3

Your spell library contained the following spells:

 Spells                   Type           Power        Failure   Level
 Beastly Appendage        Tmut           32%          11%         1
 Dazzling Flash           Conj/Hex       58%          12%         3
 Wereblood                Tmut           16%          14%         2
 Fulminant Prism          Conj/Hex       14%          30%         4
 Iskenderun's Mystic Bla  Conj/Tloc      29%          30%         4
 Ice Form                 Ice/Tmut       12%          63%         4
 Blade Hands              Tmut           8%           85%         5


Dungeon Overview and Level Annotations

Branches:
Dungeon (7/15)             Temple (0/1) D:7

Shops:
D:4 ?=!   D:7 ?


Innate Abilities, Weirdness & Mutations

You have an increased reservoir of magic. (+10% MP)


Message History

The bullfrog hits you.
* * * LOW HITPOINT WARNING * * *
Your transformation is almost over.
The bullfrog hits you!
* * * LOW HITPOINT WARNING * * *
A wight comes into view. It is wielding a +0 flail.
The wight moves out of view.
Unknown command.
Unknown command.
Casting: Searing Ray (safe; 3% risk of failure)
Confirm with . or Enter, or press ? or * to list all spells.
Aiming: Searing Ray (safe; 3% risk of failure)
Press: ? - help, Shift-Dir - straight line, f/p - ice beast
Aim: an ice beast (heavily wounded, 17% to evade)
The searing ray hits the bullfrog!
The bullfrog is severely wounded.
The searing ray misses the ice beast. (Press . to maintain the ray.)
The orc shouts!
The bullfrog hits you.
* * * LOW HITPOINT WARNING * * *
The bullfrog hits you.
* * * LOW HITPOINT WARNING * * *
The searing ray hits the bullfrog!
You kill the bullfrog!
The searing ray hits the ice beast.
The ice beast is heavily wounded.
Unknown command.
Unknown command.
The searing ray hits the ice beast!
The ice beast is almost dead.
The ice beast completely misses you.
Unknown command.
Unknown command.
Unknown command.
The searing ray misses the ice beast.
You finish channeling your searing ray.
The ice beast hits you.
* * * LOW HITPOINT WARNING * * *
The ice beast freezes you!
You die...

#..........#.#.# #.........
#........###.#.###..#...>..
#..#...### #.#..##.........
##.#...#####.##.##..#......
#.##.###..................
##.##o##!#...#.#.#.#
.##...#.##.#..........
........##........###
#..z.sY...........
##.##.###$.........
.................
#.##.####.?..####. .. ..#
#.#### ## ... ..# #### ###


You could see an ice beast, a wight and an orc.

Vanquished Creatures
  2 sky beasts
  An ice beast (D:7)
  3 ogres
  An orc warrior (D:6)
  A necrophage (D:6)
  5 bullfrogs
  A water moccasin skeleton (D:7)
  A scorpion (D:7)
  A bullfrog zombie (D:7)
  3 hounds
  A centaur skeleton (D:6)
  3 iguanas
  4 orc wizards
  Terence (D:2)
  3 worker ants
  4 gnolls (D:7)
  11 adders
  A howler monkey skeleton (D:5)
  3 shadow imps
  4 white imps
  2 oozes
  4 worms
  A dart slug (D:2)
  7 leopard geckos
  19 orcs
  9 giant cockroaches
  8 goblins
  8 hobgoblins
  11 jackals
  6 quokkas
  4 ball pythons
  6 bats
  5 frilled lizards
  8 kobolds
  A leopard gecko skeleton (D:4)
  3 rats
156 creatures vanquished.

Vanquished Creatures (others)
  A rat (D:1)
1 creature vanquished.

Grand Total: 157 creatures vanquished

Notes
Turn   | Place    | Note
-------+----------+-------------------------------------------
     0 | D:1      | Morbidden the Demigod Conjurer began the quest for the Orb.
     0 | D:1      | Reached XP level 1. HP: 14/14 MP: 5/5
   382 | D:1      | Reached XP level 2. HP: 20/20 MP: 4/7
   461 | D:1      | Reached skill level 4 in Conjurations
  1207 | D:2      | Noticed Terence
  1328 | D:2      | Reached XP level 3. HP: 18/27 MP: 2/8
  1618 | D:2      | Killed Terence
  1873 | D:2      | Learned a level 2 spell: Searing Ray
  1880 | D:2      | Reached XP level 4. HP: 34/34 MP: 6/10
  2008 | D:2      | Noticed an ogre
  2021 | D:2      | Killed an ogre
  2022 | D:2      | Reached skill level 1 in Fighting
  2022 | D:2      | Reached skill level 5 in Conjurations
  2022 | D:2      | Reached XP level 5. HP: 11/40 MP: 2/12
  2646 | D:2      | Found a hazy altar of Hepliaklqana.
  2648 | D:2      | Found a shimmering altar of Xom.
  2649 | D:2      | Found a white marble altar of Elyvilon.
  3965 | D:4      | Found Umuann's Magic Scroll Shop.
  3994 | D:4      | Bought a scroll of magic mapping for 45 gold pieces
  3994 | D:4      | Bought a scroll of teleportation for 39 gold pieces
  4026 | D:4      | Found Umarog's Jewellery Shoppe.
  4271 | D:4      | Found Doycsuuw's Distillery.
  4518 | D:5      | Entered Level 5 of the Dungeon
  4547 | D:5      | Reached XP level 6. HP: 47/47 MP: 14/14
  5283 | D:5      | Reached skill level 6 in Conjurations
  5396 | D:5      | Reached XP level 7. HP: 55/55 MP: 16/16
  5913 | D:6      | Reached skill level 5 in Spellcasting
  6025 | D:6      | Learned a level 3 spell: Spider Form
  6387 | D:6      | Reached XP level 8. HP: 58/62 MP: 19/19
  6759 | D:7      | Reached skill level 7 in Conjurations
  6848 | D:7      | Reached skill level 1 in Transmutations
  6848 | D:7      | Reached skill level 1 in Poison Magic
  6912 | D:7      | Found Plog's Magic Scroll Shoppe.
  7000 | D:7      | Found a staircase to the Ecumenical Temple.
  7149 | D:7      | Slain by an ice beast

Illustrated notes

Levels and vault maps discovered:
D:1:      nzn_arrival_settlement, layout_basic, lemuel_old_faithful
D:2:      layout_loops_ring, chequers_temple_overflow_statue_of_worship,
          uniq_terence
D:3:      layout_rooms, minmay_quadrilaterals
D:4:      layout_gridville, serial_shops,
          nicolae_shop_temple_entry_statues_fountains, shop, shop
D:5:      layout_loops_cross
D:6:      layout_loops_ring
D:7:      layout_loops_ring, minmay_temple_entry_glass, serial_shops,
          shop_fountains

Skill      XL: |  1  2  3  4  5  6  7  8 |
---------------+-------------------------+-----
Conjurations   | 4 5 6 7 |  7.5
Spellcasting   | 2 3 5 6 |  6.1
Dodging        | 2 |  2.7
Fighting       | 1 2 3 |  3.2
Stealth        | 2 |  2.8
Transmutations | 1 |  1.4
Poison Magic   | 1 |  1.3
Short Blades   | |  0.5
Unarmed Combat | |  0.1

Action                   |  1- 3 |  4- 6 |  7- 9 || total
-------------------------+-------+-------+-------++-------
Melee: Unarmed           |     3 |       |    28 ||    31
       Dagger            |    30 |       |     5 ||    35
 Cast: Magic Dart        |    72 |   124 |    51 ||   247
       Searing Ray       |       |    20 |    31 ||    51
       Spider Form       |       |       |     2 ||     2
  Use: Scroll            |       |       |     2 ||     2
 Stab: Sleeping          |       |       |     1 ||     1
Armor: Robe              |     8 |     6 |     8 ||    22
       Skin              |       |       |     1 ||     1
Dodge: Dodged            |    38 |    20 |    51 ||   109

Table legend: (Time is in decaauts)
 A = Elapsed time spent in this place.
 B = Non-inter-level travel time spent in this place.
 C = Inter-level travel time spent in this place.
 D = Time resting spent in this place.
 E = Time spent auto-exploring this place.
 F = Levels seen in this place.
 G = Mean time per level.
                   A        B        C        D        E       F      G
               +--------+--------+--------+--------+--------+-----+--------+
         Total |   7146 |   6867 |    279 |    335 |   5609 |   7 | 1020.9 |
       Dungeon |   7146 |   6867 |    279 |    335 |   5609 |   7 | 1020.9 |
               +--------+--------+--------+--------+--------+-----+--------+

Top non-repeatable levels by time:
     D:2: 1581 daAuts
     D:1: 1253 daAuts
     D:3: 1117 daAuts
     D:6: 1039 daAuts
     D:5: 973 daAuts
     D:7: 616 daAuts
     D:4: 563 daAuts
